[Event "Titled Tuesday Blitz May 23 Early 2023"]
[White "Hayrapetyan, Hovik"]
[Black "Fridman, Daniel"]
[WhiteFideId "13302639"]
[BlackFideId "11600454"]
[WhiteElo "2348"]
[BlackElo "2525"]
[Result "1-0"]
[Round "04"]
[TimeControl "180+2"]
[Date "2023.05.23"]
[WhiteClock "0:00:47"]
[BlackClock "0:00:19"]

1. d4 d5 2. c4 e6 3. Nc3 Be7 4. Nf3 Nf6 5. Bf4 O-O 6. e3 Nbd7 7. Be2 dxc4 8. O-O a6 9. a4 c5 10. d5 exd5 11. Nxd5 Nxd5 12. Qxd5 Nf6 13. Qxd8 Rxd8 14. Bc7 Rd7 15. Ba5 Bd8 16. Bxd8 Rxd8 17. Bxc4 Be6 18. Bxe6 fxe6 19. a5 Rd5 20. Rfc1 Rad8 21. Kf1 Ne4 22. Ke2 Nd2 23. Rc2 Nb3 24. Ra4 c4 25. Raxc4 Nxa5 26. Rc7 R8d7 27. Rxd7 Rxd7 28. Rc8+ Kf7 29. Ne5+ Ke7 30. Nxd7 Kxd7 31. Rg8 1-0


[Site "https://www.chess.com"]

[Event "Titled Tuesday Blitz May 23 Early 2023"]
[White "Bryakin, Mikhail"]
[Black "Svane, Frederik"]
[WhiteFideId "4165314"]
[BlackFideId "12923044"]
[WhiteElo "2467"]
[BlackElo "2502"]
[Result "0-1"]
[Round "04"]
[TimeControl "180+2"]
[Date "2023.05.23"]
[WhiteClock "0:00:37"]
[BlackClock "0:00:50"]

1. Nf3 d5 2. g3 Nc6 3. d4 Bf5 4. Bg2 Nb4 5. Na3 e6 6. O-O Nc6 7. Nb1 Nb4 8. Na3 Nc6 9. Nb1 Be7 10. b3 Nf6 11. Bb2 Ne4 12. Nbd2 h5 13. Nxe4 dxe4 14. Ne5 Nxe5 15. dxe5 h4 16. Qxd8+ Rxd8 17. Rfd1 O-O 18. e3 h3 19. Bh1 c6 20. a4 g5 21. Bc3 g4 22. Kf1 Kg7 23. Ke1 Kg6 24. Rxd8 Rxd8 25. Rd1 Rxd1+ 26. Kxd1 Kg5 27. Bd4 c5 28. Bc3 Bg6 29. Kd2 Kf5 30. Bb2 Bd8 31. Ba3 Ba5+ 32. Kd1 Bb6 33. Bb2 Bc7 34. Ba3 b6 35. Bb2 Bxe5 36. Bxe5 Kxe5 37. c4 f5 38. Kc2 Kd6 39. Kb2 Be8 40. Ka3 Bc6 41. Kb2 a6 42. Kc3 b5 43. a5 bxc4 44. bxc4 Ba4 45. Kb2 Bd1 46. Kc3 Be2 47. Kb3 Bf1 48. Kc3 Bg2 49. Kd2 Bxh1 50. Ke2 Bf3+ 51. Ke1 Ke7 52. Kd2 Bg2 53. Ke1 Kf6 54. Ke2 Ke5 55. Ke1 Bf3 56. Kd2 Kf6 57. Ke1 Kg5 58. Kd2 Kg6 59. Ke1 Kf7 60. Kd2 Ke8 61. Ke1 Kd7 62. Kd2 Kc6 63. Ke1 Kd6 64. Kd2 Bg2 65. Ke2 Ke5 66. Ke1 f4 67. Ke2 f3+ 68. Ke1 Kd6 69. Kd2 Bf1 70. Kc3 Bxc4 71. Kxc4 Kc6 72. Kc3 Kb5 73. Kb3 Kxa5 74. Kc4 Kb6 75. Kb3 Kb5 76. Kc3 a5 0-1


[Site "https://www.chess.com"]

[Event "Titled Tuesday Blitz May 23 Early 2023"]
[White "Kilic, Eray"]
[Black "Sjugirov, Sanan"]
[WhiteFideId "44517173"]
[BlackFideId "4189302"]
[WhiteElo "2328"]
[BlackElo "2569"]
[Result "0-1"]
[Round "04"]
[TimeControl "180+2"]
[Date "2023.05.23"]
[WhiteClock "0:00:00"]
[BlackClock "0:00:25"]

1. e4 c5 2. Nf3 d6 3. Bb5+ Bd7 4. c4 Nf6 5. Nc3 e6 6. O-O Be7 7. d4 cxd4 8. Bxd7+ Qxd7 9. Nxd4 O-O 10. Be3 Nc6 11. h3 Rac8 12. Rc1 a6 13. b3 Qc7 14. Nd5 Qd8 15. Nxc6 Rxc6 16. Nxf6+ Bxf6 17. Qd3 Qa5 18. Rc2 Rfc8 19. Rd1 b5 20. Rdc1 Qc7 21. f4 h6 22. Bd4 Bxd4+ 23. Qxd4 Qa5 24. Kh2 bxc4 25. Rxc4 Rxc4 26. Rxc4 Rxc4 27. bxc4 Qxa2 28. e5 d5 29. cxd5 Qxd5 30. Qa4 Qb5 31. Qe4 Qb8 32. Qa4 Qa8 33. Kg3 a5 34. Kh2 g6 35. Kg3 Kg7 36. Kh2 Qd5 37. Kg3 Qd3+ 38. Kh2 Qd2 39. Qe4 Qb4 40. Qe3 a4 41. Qg3 Qe4 0-1


[Site "https://www.chess.com"]

[Event "Titled Tuesday Blitz May 23 Early 2023"]
[White "Narayanan, Srinath"]
[Black "Tatarinov, Dmitry"]
[WhiteFideId "5018420"]
[BlackFideId "24160067"]
[WhiteElo "2438"]
[BlackElo "2326"]
[Result "1-0"]
[Round "04"]
[TimeControl "180+2"]
[Date "2023.05.23"]
[WhiteClock "0:00:17"]
[BlackClock "0:00:22"]

1. Nf3 d5 2. e3 e6 3. c4 Nf6 4. Nc3 c5 5. cxd5 exd5 6. Bb5+ Bd7 7. Bxd7+ Qxd7 8. d4 Nc6 9. O-O cxd4 10. Nxd4 Bc5 11. Nxc6 bxc6 12. b3 O-O 13. Bb2 Rfe8 14. Rc1 Rac8 15. Na4 Be7 16. Qd4 Bf8 17. Nc5 Qf5 18. h3 h5 19. b4 Bd6 20. a3 Be5 21. Qd2 Bd6 22. Rc2 Bxc5 23. Rxc5 Ne4 24. Qd4 Qg5 25. Rc2 Re6 26. Rfc1 Rg6 27. f3 Nd6 28. Qe5 Qxe5 29. Bxe5 Nc4 30. Bd4 Nxa3 31. Rc5 Nc4 32. b5 Kf8 33. Ra1 Rc7 34. Ra6 cxb5 35. Rxg6 Rb7 36. Rxg7 b4 37. Bf6 Ke8 38. Rxd5 Nxe3 1-0


[Site "https://www.chess.com"]

[Event "Titled Tuesday Blitz May 23 Early 2023"]
[White "Jaracz, Pawel"]
[Black "Drygalov, Andrey"]
[WhiteFideId "1102222"]
[BlackFideId "24171735"]
[WhiteElo "2438"]
[BlackElo "2466"]
[Result "0-1"]
[Round "04"]
[TimeControl "180+2"]
[Date "2023.05.23"]
[WhiteClock "0:00:00"]
[BlackClock "0:00:05"]

1. e4 c5 2. Nf3 d6 3. d4 cxd4 4. Nxd4 Nf6 5. Nc3 a6 6. Be2 e5 7. Nb3 Be7 8. g4 h6 9. Be3 Be6 10. Bf3 b5 11. Qe2 b4 12. Nd5 Nxd5 13. exd5 Bd7 14. a3 bxa3 15. Rxa3 O-O 16. Na5 f5 17. gxf5 Bxf5 18. Rg1 Kh7 19. Qc4 Qc8 20. Nc6 Nxc6 21. dxc6 d5 22. Qxd5 Bxa3 23. Qxe5 Rf7 24. bxa3 Qf8 25. Bd5 Re8 26. Qd4 Rf6 27. Qb4 Rd6 28. c4 Qf6 29. Kd2 Rxc6 30. Bxc6 Qxc6 31. Bd4 Bg6 32. Qc3 Qe4 33. Rxg6 Qxg6 34. Qd3 Qxd3+ 35. Kxd3 Kg6 36. c5 Kf5 37. Bxg7 h5 38. Kd4 Rd8+ 39. Kc4 Ke6 40. Bd4 Rg8 41. Kb4 Kd5 42. Be3 Rg2 43. Ka5 Rxh2 44. Kb6 Rg2 45. Kxa6 Kc6 46. Ka5 h4 0-1


[Site "https://www.chess.com"]

[Event "Titled Tuesday Blitz May 23 Early 2023"]
[White "Matlakov, Maxim"]
[Black "Fernandez Guillen, Ernesto J."]
[WhiteFideId "4168003"]
[BlackFideId "3512428"]
[WhiteElo "2666"]
[BlackElo "2429"]
[Result "1-0"]
[Round "04"]
[TimeControl "180+2"]
[Date "2023.05.23"]
[WhiteClock "0:00:21"]
[BlackClock "0:00:03"]

1. d4 Nf6 2. Nf3 e6 3. e3 b6 4. Bd3 Bb7 5. Nbd2 d5 6. b3 Nbd7 7. Bb2 Bd6 8. Qe2 Ne4 9. O-O O-O 10. c4 Re8 11. Rac1 c5 12. Rfd1 Qe7 13. Nf1 Red8 14. Ng3 Nxg3 15. hxg3 h6 16. cxd5 exd5 17. Nh4 Qe6 18. Bf5 Qe7 19. Bb1 Qe6 20. Nf5 Bf8 21. dxc5 bxc5 22. Qh5 Nf6 23. Qh4 Ne4 24. Qf4 Re8 25. g4 Rad8 26. Bd3 c4 27. Bb1 Qg6 28. bxc4 Nf6 29. Ne7+ Bxe7 30. Bxg6 fxg6 31. c5 Bc6 32. Be5 Ne4 33. Qh2 Rf8 34. f3 Nxc5 35. Bd4 Ba4 36. Rd2 Ne6 37. Qe5 Rd6 38. Rc7 Nxd4 39. Qxe7 Ne6 40. Qxd6 Nxc7 41. Qxc7 1-0


[Site "https://www.chess.com"]

[Event "Titled Tuesday Blitz May 23 Early 2023"]
[White "Seo, Jung Min"]
[Black "Quesada Perez, Yuniesky"]
[WhiteFideId "1734687"]
[BlackFideId "3504409"]
[WhiteElo "2468"]
[BlackElo "2585"]
[Result "0-1"]
[Round "04"]
[TimeControl "180+2"]
[Date "2023.05.23"]
[WhiteClock "0:00:38"]
[BlackClock "0:01:18"]

1. e4 d5 2. exd5 Qxd5 3. Nc3 Qa5 4. Nf3 Nf6 5. Bc4 Bf5 6. O-O e6 7. d4 Bb4 8. Bd2 Nc6 9. a3 Bxc3 10. Bxc3 Qb6 11. d5 O-O-O 12. Bxf6 gxf6 13. Bb3 Be4 14. Nh4 Bxd5 15. Bxd5 Rxd5 16. Qf3 Qxb2 17. Rab1 Qd4 18. g3 Rhd8 19. c3 Qe5 20. Rfe1 Qg5 21. Qe4 f5 22. Qc4 Qd2 23. Nf3 Qd3 24. Qb3 Qxf3 25. Qxb7+ Kd7 26. c4 Rd2 27. Re3 Qxf2+ 0-1


[Site "https://www.chess.com"]

[Event "Titled Tuesday Blitz May 23 Early 2023"]
[White "Babazada, Khazar"]
[Black "Ashraf, Artin"]
[WhiteFideId "13413554"]
[BlackFideId "22514805"]
[WhiteElo "2351"]
[BlackElo "2188"]
[Result "1-0"]
[Round "04"]
[TimeControl "180+2"]
[Date "2023.05.23"]
[WhiteClock "0:02:01"]
[BlackClock "0:01:15"]

1. e4 e6 2. d4 d5 3. Nc3 dxe4 4. Nxe4 Bd7 5. Nf3 Bc6 6. Bd3 Nd7 7. Qe2 Ngf6 8. Neg5 Bd6 9. Ne5 O-O 10. Bd2 h6 11. h4 Re8 12. Ngxf7 Qe7 13. O-O-O Bxe5 14. Nxe5 Nxe5 15. dxe5 Nd7 16. Rh3 a5 17. Rg3 Kh8 18. Qh5 Qf8 19. Rg6 Re7 20. Bxh6 gxh6 21. Rxh6+ Kg8 22. Rh8+ 1-0


[Site "https://www.chess.com"]

[Event "Titled Tuesday Blitz May 23 Early 2023"]
[White "Gorovets, Andrey"]
[Black "Stribuk, Artiom"]
[WhiteFideId "13504037"]
[BlackFideId "13515659"]
[WhiteElo "2459"]
[BlackElo "2303"]
[Result "1/2-1/2"]
[Round "04"]
[TimeControl "180+2"]
[Date "2023.05.23"]
[WhiteClock "0:00:07"]
[BlackClock "0:00:05"]

1. Nf3 Nf6 2. g3 b6 3. Bg2 Bb7 4. d4 c5 5. c4 cxd4 6. Qxd4 Nc6 7. Qd2 g6 8. Nc3 Bg7 9. Rb1 O-O 10. O-O e6 11. Rd1 d5 12. cxd5 exd5 13. Qf4 Re8 14. Be3 h6 15. Nd4 Ne5 16. Nf3 g5 17. Qa4 Nc4 18. Bd4 a6 19. e3 b5 20. Qc2 Rc8 21. Qe2 Qe7 22. Rbc1 Qb4 23. b3 Nd6 24. Qb2 Nf5 25. Nxb5 Nxd4 26. Nbxd4 Ne4 27. Rxc8 Rxc8 28. Rc1 Nc3 29. Rc2 a5 30. Bh3 Rc7 31. Kg2 Ba6 32. a3 Qc5 33. Qc1 Bd3 34. Rd2 Be4 35. Kf1 Qb6 36. Qb2 Qg6 37. Bg2 Bd3+ 38. Kg1 Be4 39. h3 Qb6 40. Kh2 Nb5 41. b4 a4 42. Ng1 Nd6 43. Nge2 Nc4 44. Qa2 Nxd2 45. Qxd2 Rc4 46. f3 Bg6 47. Qd1 Qc7 48. Qxa4 Bd3 49. Qa8+ Qc8 50. Qxd5 Bxe2 51. Nxe2 Rc2 52. Qd3 Ra2 53. f4 Qc2 54. Qxc2 Rxc2 55. Bf3 gxf4 56. gxf4 Ra2 57. b5 Rxa3 58. b6 Rxe3 59. b7 Rb3 60. Ng3 Bf8 61. Nf5 Rb2+ 62. Kg3 Rb6 63. Kg4 Kh7 64. Be4 Kg8 65. Kh5 Rb5 66. Kg4 Rb6 67. Kh5 Rb5 68. Kg4 Rb6 1/2-1/2


[Site "https://www.chess.com"]

[Event "Titled Tuesday Blitz May 23 Early 2023"]
[White "Simonian, Hrair"]
[Black "Bacrot, Etienne"]
[WhiteFideId "13302337"]
[BlackFideId "605506"]
[WhiteElo "2447"]
[BlackElo "2672"]
[Result "1/2-1/2"]
[Round "04"]
[TimeControl "180+2"]
[Date "2023.05.23"]
[WhiteClock "0:00:06"]
[BlackClock "0:00:05"]

1. e4 c5 2. Nc3 Nc6 3. Bb5 Nd4 4. Bc4 e6 5. Nge2 Nf6 6. O-O d5 7. exd5 exd5 8. Nxd5 Nxd5 9. Nxd4 cxd4 10. Qh5 Be6 11. Re1 Nf4 12. Bb5+ Ke7 13. Qg5+ Kd6 14. Qxf4+ Kc5 15. a4 Qd6 16. Qg5+ Kb6 17. d3 h6 18. Qh4 Be7 19. Qe4 g5 20. a5+ Kc7 21. a6 Qb6 22. Bc4 Rae8 23. Bd2 Bb4 24. Bxb4 Qxb4 25. Qe5+ Kb6 26. axb7 Kxb7 27. Qxd4 Bxc4 28. Rxe8 Rxe8 29. c3 Qa4 30. Rf1 Bb3 31. c4 Qc6 32. Qc3 Qb6 33. d4 a5 34. c5 Qb5 35. Qf3+ Ka7 36. h4 a4 37. hxg5 hxg5 38. Rc1 Rc8 39. c6 Kb6 40. Qf6 Rxc6 41. Qd8+ Kb7 42. Qd7+ Kb6 43. Qd8+ Kb7 44. Qd7+ Kb6 45. Qd8+ 1/2-1/2


[Site "https://www.chess.com"]

[Event "Titled Tuesday Blitz May 23 Early 2023"]
[White "MKlose11"]
[Black "Gareyev, Timur"]
[BlackFideId "14200937"]
[WhiteElo "2681"]
[BlackElo "2563"]
[Result "1/2-1/2"]
[Round "04"]
[TimeControl "180+2"]
[Date "2023.05.23"]
[WhiteClock "0:00:16"]
[BlackClock "0:00:12"]

1. e4 e5 2. Nf3 Nc6 3. d4 exd4 4. Bc4 Nf6 5. O-O Na5 6. Bd3 d5 7. e5 Ne4 8. Nxd4 c5 9. Nb5 Bd7 10. Re1 Qb6 11. Bxe4 dxe4 12. Nd6+ Bxd6 13. Qxd6 Qxd6 14. exd6 O-O-O 15. Rxe4 Bc6 16. Re7 Rxd6 17. Nc3 Rd7 18. Rxd7 Kxd7 19. b3 b6 20. Bf4 f6 21. Rd1+ Ke6 22. Re1+ Kf7 23. Bd6 Rd8 24. Re7+ Kg6 25. Bf4 Rd7 26. Rxd7 Bxd7 27. Nd5 Kf7 28. Kf1 Bf5 29. Ne3 Bg6 30. Ke2 Nc6 31. c3 Bb1 32. a3 g5 33. Bc7 Ke6 34. b4 h5 35. g3 f5 36. h4 g4 37. Ng2 Kd5 38. bxc5 bxc5 39. Nf4+ Kc4 40. Kd2 Kb3 41. Bd6 Kxa3 42. Bxc5+ Kb3 43. Nxh5 a5 44. Nf4 a4 45. h5 Ne5 46. h6 Nf7 47. h7 a3 48. Bxa3 Kxa3 49. Ke3 Kb3 50. Kd4 Kc2 51. Ng6 Kd2 52. h8=Q Nxh8 53. Nxh8 Ke2 54. Ke5 Kxf2 55. Kf4 Ke2 56. c4 Be4 57. c5 Kd3 58. Nf7 Bd5 59. Nd6 Kd4 60. Nxf5+ Kxc5 61. Kxg4 Bb3 62. Kg5 Bd1 63. Kf6 Kc6 64. Ke5 Kd7 65. Kf6 Ke8 66. Ng7+ Kd7 67. Ne6 Kd6 68. Nf4 Kd7 69. Ng2 Bf3 70. Ne3 Be2 71. Ke5 Ke8 72. Kf4 Kf8 73. Nf5 Kg8 74. Nd4 Bd1 75. Nf3 Be2 76. g4 Bd3 77. g5 Bb1 78. Ke5 Kg7 79. Kf4 Kg6 80. Nd4 Kg7 81. Nc6 Kg6 82. Ne5+ Kg7 83. Ke3 Bc2 84. Kd4 Bb1 85. Kc5 Bc2 86. Kd6 Bb1 87. Ke6 Bc2 88. Kd5 Bb3+ 89. Kd4 Ba2 90. Ke3 Bb1 91. Kf4 Bc2 92. Kg4 Bb1 93. Nf3 Bc2 94. Nh4 Bd1+ 95. Kf4 Bc2 96. Nf5+ Bxf5 97. Kxf5 Kf7 98. Kf4 Kg7 99. Kg4 Kg8 100. Kf4 Kg7 101. Kf5 Kf7 102. g6+ Kg8 103. Kg4 Kg7 104. Kg5 Kg8 105. Kf5 Kg7 106. Kg5 Kg8 107. Kf6 Kf8 108. g7+ Kg8 109. Kg6 1/2-1/2


[Site "https://www.chess.com"]

[Event "Titled Tuesday Blitz May 23 Early 2023"]
[White "Garv Gaur"]
[Black "Beerdsen, Thomas"]
[WhiteFideId "45030839"]
[BlackFideId "1030108"]
[WhiteElo "2068"]
[BlackElo "2549"]
[Result "0-1"]
[Round "04"]
[TimeControl "180+2"]
[Date "2023.05.23"]
[WhiteClock "0:00:03"]
[BlackClock "0:01:06"]

1. Nf3 Nf6 2. b3 a5 3. c4 a4 4. Bb2 e6 5. e3 b6 6. d4 Bb7 7. Bd3 Be7 8. O-O O-O 9. bxa4 Nc6 10. Nc3 Ra5 11. a3 Rh5 12. h3 Qa8 13. Be2 Rh6 14. Nb5 Rc8 15. Qc2 Na5 16. Nc3 c5 17. Nb5 Be4 18. Qc3 Rxh3 19. gxh3 Bxf3 20. Bxf3 Qxf3 21. e4 Qxe4 22. d5 Nxc4 23. d6 Nxd6 24. Nxd6 Bxd6 25. Rad1 Bb8 26. Rfe1 Qf5 27. Rd3 d5 28. Rf3 Qg6+ 29. Kf1 d4 30. Qc4 Qh5 31. Kg2 e5 32. Qa6 Re8 33. Qxb6 e4 34. Rxf6 Qg5+ 35. Kf1 gxf6 36. a5 e3 37. a6 Qf5 38. Qc6 Qxf2# 0-1


[Site "https://www.chess.com"]

[Event "Titled Tuesday Blitz May 23 Early 2023"]
[White "Paravyan, David"]
[Black "caropawn10"]
[WhiteFideId "4194985"]
[WhiteElo "2563"]
[BlackElo "2671"]
[Result "1-0"]
[Round "04"]
[TimeControl "180+2"]
[Date "2023.05.23"]
[WhiteClock "0:01:08"]
[BlackClock "0:01:51"]

1. e4 c6 2. d4 d5 3. e5 Bf5 4. Nf3 e6 5. Be2 Nd7 6. O-O h6 7. a4 Ne7 8. a5 g5 9. a6 b6 10. c4 dxc4 11. Bxc4 Ng6 12. Nc3 g4 13. Nd2 c5 14. Nde4 cxd4 15. Qxd4 Bc5 16. Nxc5 Nxc5 17. Qe3 Qc7 18. Re1 O-O-O 19. Nb5 Qxe5 20. Nxa7+ Kc7 21. Qxe5+ Nxe5 22. Bf4 f6 23. Rxe5 fxe5 24. Bxe5+ Kd7 25. Bb5+ Ke7 26. Nc6+ Kf7 27. Nxd8+ Rxd8 28. a7 1-0


[Site "https://www.chess.com"]

[Event "Titled Tuesday Blitz May 23 Early 2023"]
[White "Cordova, Emilio"]
[Black "Javakhadze, Zurab"]
[WhiteFideId "3801497"]
[BlackFideId "13603647"]
[WhiteElo "2607"]
[BlackElo "2381"]
[Result "1-0"]
[Round "04"]
[TimeControl "180+2"]
[Date "2023.05.23"]
[WhiteClock "0:00:08"]
[BlackClock "0:00:00"]

1. d4 d5 2. Nf3 e6 3. c4 Nf6 4. Nc3 Nbd7 5. g3 c6 6. cxd5 exd5 7. Bg2 Bd6 8. O-O O-O 9. Qc2 Re8 10. Bf4 Bxf4 11. gxf4 Nf8 12. e3 Ng6 13. Kh1 Ng4 14. h3 Nh6 15. Rg1 Nh4 16. Ng5 Bf5 17. Qe2 f6 18. Nf3 Nxg2 19. Rxg2 Re7 20. Rag1 Kh8 21. Nh4 Bxh3 22. Rh2 Qd7 23. Qh5 Bf5 24. Rg3 Rae8 25. Rhg2 Bh3 26. Rh2 Bf5 27. Rhg2 Bh3 28. Rg1 Bf5 29. f3 Bd3 30. Nd1 Bc2 31. Nf2 Rxe3 32. Rxg7 Qxg7 33. Rxg7 Kxg7 34. f5 Re1+ 35. Kg2 R8e2 36. Kg3 Rg1+ 37. Ng2 Nxf5+ 38. Kh2 Rf1 39. Qg4+ Kf7 40. Nh3 1-0


[Site "https://www.chess.com"]

[Event "Titled Tuesday Blitz May 23 Early 2023"]
[White "Starozhilov, Leonid"]
[Black "Kramnik, Vladimir"]
[WhiteFideId "14106752"]
[BlackFideId "4101588"]
[WhiteElo "2352"]
[BlackElo "2703"]
[Result "0-1"]
[Round "04"]
[TimeControl "180+2"]
[Date "2023.05.23"]
[WhiteClock "0:00:13"]
[BlackClock "0:00:45"]

1. e4 c5 2. Nf3 e6 3. c4 Nc6 4. d4 cxd4 5. Nxd4 Nf6 6. Nc3 Bb4 7. Nxc6 bxc6 8. Bd3 e5 9. O-O O-O 10. Qc2 Bc5 11. a3 d6 12. Rb1 a5 13. b4 axb4 14. axb4 Bd4 15. Ne2 Bb6 16. h3 Qe7 17. Ng3 h6 18. Bb2 Nh7 19. Rfc1 Ng5 20. c5 dxc5 21. bxc5 Bc7 22. Bf1 g6 23. Qd2 h5 24. Qe3 Kh7 25. Ra1 Bd7 26. Bc4 Ne6 27. Bxe6 Bxe6 28. Nf1 Rfb8 29. Rxa8 Rxa8 30. Nd2 Ra4 31. Nf3 f6 32. Ra1 Rxa1+ 33. Bxa1 Qd7 34. Bc3 Qd1+ 35. Kh2 Qc2 36. Nd2 Bd8 37. f4 exf4 38. Qxf4 Qxc3 39. Nf3 Qxc5 0-1


[Site "https://www.chess.com"]

[Event "Titled Tuesday Blitz May 23 Early 2023"]
[White "Galchenko, Matvey"]
[Black "Gheorghiu, Calin"]
[WhiteFideId "24175480"]
[BlackFideId "1200305"]
[WhiteElo "2423"]
[BlackElo "2223"]
[Result "1-0"]
[Round "04"]
[TimeControl "180+2"]
[Date "2023.05.23"]
[WhiteClock "0:01:00"]
[BlackClock "0:00:05"]

1. e4 e6 2. d4 d5 3. Bd3 dxe4 4. Bxe4 Nf6 5. Bf3 c5 6. Ne2 Nc6 7. Be3 cxd4 8. Nxd4 Ne5 9. Nc3 Bb4 10. Nb5 O-O 11. Qxd8 Nxf3+ 12. gxf3 Rxd8 13. Nc7 Nd5 14. Nxa8 Nxc3 15. bxc3 Bxc3+ 16. Ke2 Bd7 17. Rab1 Rxa8 18. Rxb7 Bc6 19. Rb3 Bf6 20. Rhb1 Be5 21. f4 Bd6 22. c4 g6 23. Rd1 Bc7 24. Ra3 a5 25. Rb1 a4 26. f3 Kf8 27. Rd3 Ke7 28. Bc5+ Kf6 29. Bd6 Ba5 30. Rb8 Rxb8 31. Bxb8 Kf5 32. Rd6 Bb7 33. Rd7 Ba6 34. Rxf7# 1-0


[Site "https://www.chess.com"]

[Event "Titled Tuesday Blitz May 23 Early 2023"]
[White "demon64fields"]
[Black "Maltsevskaya, Aleksandra"]
[BlackFideId "24174041"]
[WhiteElo "2875"]
[BlackElo "2302"]
[Result "1-0"]
[Round "04"]
[TimeControl "180+2"]
[Date "2023.05.23"]
[WhiteClock "0:01:14"]
[BlackClock "0:01:45"]

1. Nf3 d6 2. d4 Nd7 3. Nc3 Ngf6 4. e4 e5 5. Be3 Be7 6. h3 O-O 7. g4 exd4 8. Nxd4 Ne5 9. f4 c5 10. fxe5 cxd4 11. exf6 dxc3 12. fxe7 Qxe7 13. Bd3 cxb2 14. Rb1 Qe5 15. Qf3 d5 16. Bf4 Qc3+ 17. Bd2 Qc5 18. Qe3 Qa3 19. O-O dxe4 20. Qxe4 1-0


[Site "https://www.chess.com"]

[Event "Titled Tuesday Blitz May 23 Early 2023"]
[White "Weishaeutel, Moritz"]
[Black "Sychev, Klementy"]
[WhiteFideId "12967300"]
[BlackFideId "4114060"]
[WhiteElo "2301"]
[BlackElo "2583"]
[Result "1/2-1/2"]
[Round "04"]
[TimeControl "180+2"]
[Date "2023.05.23"]
[WhiteClock "0:00:03"]
[BlackClock "0:00:04"]

1. e4 e5 2. Nf3 Nc6 3. c3 Nf6 4. d4 exd4 5. e5 Nd5 6. cxd4 Bb4+ 7. Bd2 Bxd2+ 8. Nbxd2 d6 9. Bc4 Nf4 10. O-O O-O 11. Re1 Bf5 12. Ne4 Nxg2 13. Kxg2 Bxe4 14. Rxe4 d5 15. Rg4 dxc4 16. Qc1 Kh8 17. Qxc4 Ne7 18. Rg1 Qd7 19. Kh1 Qf5 20. Qe2 Ng6 21. Ng5 c5 22. dxc5 Nxe5 23. Re4 f6 24. f4 fxg5 25. fxe5 Rae8 26. b4 Re6 27. Re1 Rfe8 28. Rf1 Qg6 29. Re3 g4 30. Qf2 h5 31. Qf5 Kh7 32. Kg2 Qxf5 33. Rxf5 Kg6 34. Rf2 Rxe5 35. Rxe5 Rxe5 36. Rd2 Re3 37. Rd7 Ra3 38. Rxb7 Rxa2+ 39. Kg3 Ra3+ 40. Kf4 Rc3 41. Rxa7 Rc4+ 42. Ke5 Rxb4 43. c6 Rc4 44. Kd5 Rc2 45. Ra5 h4 46. Rc5 Rd2+ 47. Ke6 Re2+ 48. Kd7 Rd2+ 49. Ke7 Re2+ 50. Kf8 Rf2+ 51. Kg8 Re2 52. Kf8 Rf2+ 53. Ke8 Re2+ 54. Kd8 Rd2+ 55. Ke7 Re2+ 56. Kd7 Rd2+ 57. Ke6 Re2+ 58. Kd6 Rd2+ 59. Ke7 1/2-1/2


[Site "https://www.chess.com"]

[Event "Titled Tuesday Blitz May 23 Early 2023"]
[White "Molina, Roberto Junio Brito"]
[Black "Korchmar, Vasiliy"]
[WhiteFideId "2109450"]
[BlackFideId "24131750"]
[WhiteElo "2376"]
[BlackElo "2370"]
[Result "1-0"]
[Round "04"]
[TimeControl "180+2"]
[Date "2023.05.23"]
[WhiteClock "0:00:17"]
[BlackClock "0:00:01"]

1. d4 Nf6 2. c4 c6 3. Nc3 d5 4. Nf3 e6 5. Bg5 Nbd7 6. e3 Be7 7. Bd3 O-O 8. O-O h6 9. Bh4 dxc4 10. Bxc4 b5 11. Be2 Bb7 12. a4 b4 13. Na2 c5 14. dxc5 Nxc5 15. Nxb4 Qb6 16. Nd3 Rfd8 17. a5 Qb3 18. Nxc5 Qxd1 19. Rfxd1 Bxc5 20. Bg3 Bd5 21. Rdc1 Ne4 22. Be5 f6 23. Bd4 Bxd4 24. Nxd4 Rab8 25. Bc4 Bxc4 26. Rxc4 Rxb2 27. Nxe6 Rdb8 28. Rac1 Nxf2 29. Rc8+ Rxc8 30. Rxc8+ Kf7 31. Nf4 Ng4 32. g3 Rb1+ 33. Kg2 Nxe3+ 34. Kf3 Nf5 35. Rc7+ Kg8 36. Rxa7 Ra1 37. Ne6 h5 38. Ke4 Nd6+ 39. Kd5 Nf5 40. a6 Kh7 41. Ra8 Kg6 42. a7 Ra5+ 43. Kc6 Ra1 44. Kb6 Rb1+ 45. Kc7 Rc1+ 46. Kb7 Rb1+ 47. Kc6 Rc1+ 48. Nc5 Ra1 49. Kb6 Rb1+ 50. Kc7 Ra1 51. Kb7 Rb1+ 52. Ka6 Ra1+ 53. Kb6 Rb1+ 54. Ka5 Nd6 55. Rd8 Ra1+ 56. Kb6 Rb1+ 57. Kc6 Ra1 58. a8=Q Rxa8 59. Rxa8 1-0


[Site "https://www.chess.com"]

[Event "Titled Tuesday Blitz May 23 Early 2023"]
[White "Ezat, Mohamed"]
[Black "Karthik Venkataraman"]
[WhiteFideId "10600906"]
[BlackFideId "25006479"]
[WhiteElo "2386"]
[BlackElo "2419"]
[Result "0-1"]
[Round "04"]
[TimeControl "180+2"]
[Date "2023.05.23"]
[WhiteClock "0:00:07"]
[BlackClock "0:00:57"]

1. d4 Nf6 2. c4 c5 3. d5 g6 4. Nc3 Bg7 5. e4 d6 6. Be2 O-O 7. Bg5 Na6 8. Qd2 Nc7 9. Nf3 a6 10. a4 e6 11. O-O exd5 12. exd5 a5 13. h3 Re8 14. Rae1 Bd7 15. Bd3 Rxe1 16. Rxe1 Qf8 17. Qf4 Nh5 18. Qh4 f6 19. Bd2 f5 20. Qe7 Qxe7 21. Rxe7 Rd8 22. Bg5 Bf6 23. Bxf6 Nxf6 24. Ng5 Re8 25. Rf7 Re1+ 26. Kh2 Nce8 27. Nb5 h6 28. Rxf6 Nxf6 29. Nf3 Ra1 30. Nxd6 b6 31. Ne5 Rxa4 32. Nxg6 Rb4 33. Ne7+ Kf8 34. Nexf5 Rxb2 35. Nxh6 a4 36. g4 a3 37. g5 a2 38. gxf6 Rxf2+ 39. Kg3 Rxf6 40. Nhf5 a1=Q 41. Ne4 Qe5+ 0-1


[Site "https://www.chess.com"]

[Event "Titled Tuesday Blitz May 23 Early 2023"]
[White "SereneSalmon"]
[Black "Suyarov, Mukhammadzokhid"]
[BlackFideId "14210495"]
[WhiteElo "2530"]
[BlackElo "2361"]
[Result "0-1"]
[Round "04"]
[TimeControl "180+2"]
[Date "2023.05.23"]
[WhiteClock "0:00:10"]
[BlackClock "0:02:08"]

1. Nf3 Nf6 2. g3 d5 3. Bg2 Bg4 4. O-O e6 5. h3 Bh5 6. c4 c6 7. Qb3 Qb6 8. d3 Nbd7 9. Be3 Bc5 10. Bxc5 Nxc5 11. Qc2 O-O 12. Nbd2 Rfd8 13. a3 a5 14. b3 Na6 15. Rab1 Bg6 16. Ne5 Nd7 17. Nxg6 hxg6 18. e3 Qc5 19. Qb2 e5 20. Rfc1 dxc4 21. Nxc4 Nc7 22. b4 axb4 23. axb4 Qe7 24. Nd2 Nb5 25. Ne4 Nb6 26. Nc5 Na4 27. Qc2 Nxc5 28. bxc5 Ra3 29. Bf1 Rc3 30. Qb2 Rxc5 31. Rxc5 Qxc5 32. d4 exd4 33. Bxb5 cxb5 34. exd4 Qxd4 35. Qxd4 Rxd4 36. Rxb5 Rd7 37. h4 Kf8 38. Kg2 Ke8 39. g4 Kd8 40. Kg3 Kc7 41. h5 gxh5 42. gxh5 Kc6 43. Rg5 f6 44. Rg6 Rf7 45. Rg4 b5 46. Rb4 Kc5 47. Rb1 b4 48. Kf3 Re7 49. Rc1+ Kb5 50. Rc8 b3 51. Rb8+ Kc4 52. Kf4 Kc3 53. Rc8+ Kd2 54. Rb8 Kc2 55. Rc8+ Kb1 56. Kf5 Re5+ 57. Kg6 Rg5+ 58. Kf7 Rxh5 59. Kxg7 Rf5 0-1


[Site "https://www.chess.com"]

[Event "Titled Tuesday Blitz May 23 Early 2023"]
[White "Jovic, Stanoje"]
[Black "Vitiugov, Nikita"]
[WhiteFideId "905020"]
[BlackFideId "4152956"]
[WhiteElo "2236"]
[BlackElo "2673"]
[Result "0-1"]
[Round "04"]
[TimeControl "180+2"]
[Date "2023.05.23"]
[WhiteClock "0:00:00"]
[BlackClock "0:00:53"]

1. c4 g6 2. g3 Bg7 3. Bg2 Nf6 4. Nc3 O-O 5. Nf3 d6 6. O-O c5 7. d4 Nc6 8. dxc5 dxc5 9. Bf4 Be6 10. Qa4 Qa5 11. Nd2 Qb4 12. a3 Qxb2 13. Rfc1 Nd4 14. Kf1 Bd7 15. Qd1 Bc6 16. Nd5 Nxd5 17. cxd5 Bb5 18. Nc4 Qxe2+ 19. Qxe2 Nxe2 20. Kxe2 Bxa1 21. Kd2 Bd4 22. Ne3 Rfd8 23. Kc2 Ba4+ 24. Kb1 Rd7 25. Ka2 Rad8 26. h4 b6 27. Bh3 Bxe3 28. Bxe3 Rxd5 29. Kb2 Rd3 30. Bf1 Rd1 0-1


[Site "https://www.chess.com"]